 Dungeon Crawl Stone Soup version 0.21.1-1-g345015f (webtiles) character file.

1857 Kagorn the Shield-Bearer (level 9, -1/73 HPs)
             Began as a Gnoll Fighter on June 4, 2018.
             Was a Believer of Dithmenos.
             Killed by divine providence
             ... invoked by an orc priest
              (11 damage)
             ... on level 7 of the Dungeon.
             The game lasted 00:57:18 (7082 turns).

Kagorn the Shield-Bearer (Gnoll Fighter)            Turns: 7082, Time: 00:57:18

Health: -1/73      AC:  8    Str: 20    XL:     9   Next: 13%
Magic:  14/14      EV: 11    Int: 11    God:    Dithmenos [**....]
Gold:   305        SH: 12    Dex: 18    Spells: 15/15 levels left

rFire    . . .     SeeInvis .   D - +4 spear of Yzxiom {pain, Str+2}
rCold    . . .     Gourm    .   c - +1 shield
rNeg     . . .     Faith    .   b - +0 scale mail
rPois    .         Spirit   .   (no helmet)
rElec    .         Reflect  .   (no cloak)
rCorr    .         Harm     .   (no gloves)
MR       .....                  (no boots)
Stlth    ++........             (no amulet)
HPRegen  0.22/turn              (no ring)
MPRegen  0.14/turn              (no ring)

@: wreathed by umbra
A: distributed training, fangs 1, strong nose
a: Shadow Step, Renounce Religion


You were on level 7 of the Dungeon.
You worshipped Dithmenos.
Dithmenos was pleased with you.
You were hungry.

You visited 1 branch of the dungeon, and saw 7 of its levels.
You also visited: Sewer.

You collected 305 gold pieces.

Inventory:

Hand Weapons
 a - a +0 long sword
 j - a +0 halberd of chopping
 w - a +0 flail of protection
 D - the +4 spear of Yzxiom (weapon) {pain, Str+2}
   (You found it on level 4 of the Dungeon)

   In the hands of one skilled in necromantic magic, it inflicts extra damage on
   living creatures.
   It affects your strength (+2).
 E - a +2 whip of electrocution
 H - a +1 trident of protection
Armour
 b - a +0 scale mail (worn)
 c - a +1 shield (worn)
Jewellery
 i - an uncursed ring of wizardry {unknown}
 u - an uncursed amulet of magic regeneration {unknown}
 y - a +3 ring of intelligence {unknown}
 z - a +1 ring of slaying {unknown}
 B - an uncursed ring of protection from fire {unknown}
Wands
 A - a wand of acid (3)
Scrolls
 g - a scroll of fog {unknown}
 l - a scroll of immolation {unknown}
 o - a scroll of magic mapping {unknown}
 q - 2 scrolls of amnesia {unknown}
 r - 4 scrolls of teleportation {unknown}
 t - 4 scrolls of remove curse {unknown}
 x - 5 scrolls of identify {unknown}
 F - a scroll of blinking {unknown}
Potions
 d - 2 potions of might
 h - a potion of agility {unknown}
 k - 2 potions of haste {unknown}
 n - a potion of flight {unknown}
 p - 2 potions of ambrosia {unknown}
 s - 2 potions of brilliance {unknown}
 v - a potion of mutation {unknown}
 C - a potion of resistance {unknown}
 G - a potion of curing
 I - a potion of invisibility {unknown}
 K - a potion of heal wounds {unknown}
Books
 e - a book of the Sky

   Spells                             Type                      Level
   a - Summon Lightning Spire         Summoning/Air                4
   b - Silence                        Hexes/Air                    5
   c - Deflect Missiles               Charms/Air                   6
   d - Conjure Ball Lightning         Conjuration/Air              6
   e - Tornado                        Air                          9
 m - a book of Misfortune

   Spells                             Type                      Level
   a - Confusing Touch                Hexes                        1
   b - Confuse                        Hexes                        3
   c - Gell's Gravitas                Translocation                3
   d - Petrify                        Transmutation/Earth          4
   e - Metabolic Englaciation         Hexes/Ice                    5
   f - Yara's Violent Unravelling     Hexes/Transmutation          5
 J - a book of Callings

   Spells                             Type                      Level
   a - Summon Small Mammal            Summoning                    1
   b - Call Imp                       Summoning                    2
   c - Call Canine Familiar           Summoning                    3
   d - Summon Guardian Golem          Hexes/Summoning              3
   e - Summon Lightning Spire         Summoning/Air                4
   f - Summon Ice Beast               Ice/Summoning                4
Comestibles
 f - 5 rations


   Skills:
 + Level 7.7 Fighting
 + Level 3.8 Short Blades
 + Level 6.0 Long Blades
 + Level 3.8 Axes
 + Level 3.8 Maces & Flails
 + Level 3.8 Polearms
 + Level 3.8 Staves
 + Level 3.8 Slings
 + Level 3.8 Bows
 + Level 3.8 Crossbows
 + Level 3.8 Throwing
 + Level 7.7 Armour
 + Level 3.8 Dodging
 + Level 3.8 Stealth
 + Level 7.7 Shields
 + Level 3.8 Unarmed Combat
 + Level 3.8 Spellcasting
 + Level 3.1 Conjurations
 + Level 3.1 Hexes
 + Level 3.1 Charms
 + Level 3.1 Summonings
 + Level 3.1 Necromancy
 + Level 3.1 Translocations
 + Level 3.1 Transmutations
 + Level 3.1 Fire Magic
 + Level 3.1 Ice Magic
 + Level 3.1 Air Magic
 + Level 3.1 Earth Magic
 + Level 3.1 Poison Magic
 + Level 4.2 Invocations
 + Level 3.8 Evocations


You had 15 spell levels left.
You didn't know any spells.

Dungeon Overview and Level Annotations

Branches:
Dungeon (7/15)             Temple (0/1) D:6

Altars:
Ashenzari
Cheibriados
Dithmenos
Okawaru
Sif Muna
Trog
Wu Jian
Zin


Innate Abilities, Weirdness & Mutations

Your experience applies equally to all skills.
You have very sharp teeth.
Your uncanny sense of smell can sniff out nearby items.


Message History

The bullfrog is severely wounded.
You block the bullfrog's attack. The adder skeleton barely misses you.
You hit the bullfrog.
You kill the bullfrog!
Dithmenos accepts your kill. You block the adder skeleton's attack.
The orc priest invokes the aid of Beogh against you.
Beogh smites you!
An adder comes into view.
The orc wizard miscasts a cantrip.
The orc priest calls down the wrath of Beogh upon you.
Pain shoots through your body!
* * * LOW HITPOINT WARNING * * *
You block the adder skeleton's attack.
The orc priest calls down the wrath of Beogh upon you.
Beogh smites you!
* * * LOW HITPOINT WARNING * * *
The orc priest calls down the wrath of Beogh upon you.
Beogh smites you!
You die...

........?.....#
##..##...####..#
............#..########
##..##oo....#..##.....#
#..........#..##.###.#
#....#.S...#..##.# #.#
#....#.....<..##.# #.#
#.#<...Z.........# #.#
........@...#..#..###.###
##.####....†............. .
....<...†^....###.#.#
#.######........####.#..
#...)........#.......#.#
.....#######.##.#.#######.#
#.# .......<..#.# #...#.#
###########.###.#.[.#
#.....#####


You could see 2 orc priests, an adder and an adder skeleton.

Vanquished Creatures
  A sky beast (D:7)
  A phantom (D:5)
  The ghost of voodoowoodoo the Skirmisher, an amateur HuFi (D:4)
  An ogre (D:5)
  2 centaurs (D:5)
  4 bullfrogs
  A gnoll sergeant (D:5)
  2 scorpions (D:4)
  A bullfrog zombie (D:5)
  2 hounds
  3 crimson imps
  A centaur zombie (D:5)
  2 jellies
  An orc priest (D:5)
  A centaur skeleton (D:7)
  A gnoll shaman (D:4)
  4 iguanas
  2 worker ants (D:6)
  11 adders
  13 gnolls
  A howler monkey skeleton (D:4)
  2 shadow imps (D:5)
  An ooze (D:2)
  An adder skeleton (D:5)
  5 worms (D:3)
  4 dart slugs
  6 leopard geckos
  15 orcs
  5 ball pythons
  5 bats
  9 giant cockroaches
  11 goblins
  9 hobgoblins
  7 jackals (D:3)
  4 quokkas
  10 frilled lizards
  A jackal skeleton (D:4)
  4 kobolds
  A leopard gecko skeleton (D:6)
  19 rats
175 creatures vanquished.

Notes
Turn   | Place    | Note
-------+----------+-------------------------------------------
     0 | D:1      | Kagorn the Gnoll Fighter began the quest for the Orb.
     0 | D:1      | Reached XP level 1. HP: 23/23 MP: 1/1
    79 | D:1      | Reached XP level 2. HP: 29/29 MP: 2/2
   471 | D:1      | Reached XP level 3. HP: 35/35 MP: 3/3
   475 | D:1      | Found a shattered altar of Ashenzari.
   875 | D:2      | Reached skill level 1 in Invocations
   913 | D:2      | Reached skill level 1 in Short Blades
   913 | D:2      | Reached skill level 1 in Axes
   913 | D:2      | Reached skill level 1 in Maces & Flails
   913 | D:2      | Reached skill level 1 in Polearms
   913 | D:2      | Reached skill level 1 in Staves
   913 | D:2      | Reached skill level 1 in Slings
   913 | D:2      | Reached skill level 1 in Bows
   913 | D:2      | Reached skill level 1 in Crossbows
   913 | D:2      | Reached skill level 1 in Throwing
   913 | D:2      | Reached skill level 1 in Dodging
   913 | D:2      | Reached skill level 1 in Stealth
   913 | D:2      | Reached skill level 1 in Unarmed Combat
   913 | D:2      | Reached skill level 1 in Spellcasting
   913 | D:2      | Reached skill level 1 in Evocations
   913 | D:2      | Reached XP level 4. HP: 27/41 MP: 5/5
  1047 | D:2      | Found a snail-covered altar of Cheibriados.
  1218 | D:2      | Found a glowing silver altar of Zin.
  1218 | D:2      | Found an ornate altar of the Wu Jian Council.
  1545 | D:2      | Reached skill level 1 in Conjurations
  1545 | D:2      | Reached skill level 1 in Hexes
  1545 | D:2      | Reached skill level 1 in Charms
  1545 | D:2      | Reached skill level 1 in Summonings
  1545 | D:2      | Reached skill level 1 in Necromancy
  1545 | D:2      | Reached skill level 1 in Translocations
  1545 | D:2      | Reached skill level 1 in Transmutations
  1545 | D:2      | Reached skill level 1 in Fire Magic
  1545 | D:2      | Reached skill level 1 in Ice Magic
  1545 | D:2      | Reached skill level 1 in Air Magic
  1545 | D:2      | Reached skill level 1 in Earth Magic
  1545 | D:2      | Reached skill level 1 in Poison Magic
  1708 | D:3      | Reached XP level 5. HP: 44/47 MP: 6/6
  1733 | D:3      | Found a glowing drain.
  1759 | Sewer    | Entered a sewer
  2210 | Sewer    | Reached XP level 6. HP: 31/53 MP: 8/8
  2503 | D:3      | Reached skill level 5 in Long Blades
  2649 | D:3      | Found a shadowy altar of Dithmenos.
  2686 | D:3      | Became a worshipper of Dithmenos the Shadowed
  2996 | D:3      | Noticed a moth of wrath
  2998 | D:3      | Found a bloodstained altar of Trog.
  3379 | D:4      | Noticed voodoowoodoo's ghost (amateur HuFi)
  3395 | D:4      | Killed voodoowoodoo's ghost
  3395 | D:4      | Reached XP level 7. HP: 54/59 MP: 10/10
  3736 | D:4      | Reached * piety under Dithmenos
  3788 | D:4      | Got a slimy spear
  3823 | D:4      | Identified the +4 spear of Yzxiom {pain, Str+2} (You found it on level 4 of the Dungeon)
  4015 | D:4      | Found a deep blue altar of Sif Muna.
  4403 | D:5      | Entered Level 5 of the Dungeon
  4443 | D:5      | Reached XP level 8. HP: 37/67 MP: 12/12
  5857 | D:6      | Reached ** piety under Dithmenos
  6245 | D:6      | Found a staircase to the Ecumenical Temple.
  6614 | D:6      | Found an iron altar of Okawaru.
  6974 | D:7      | Reached XP level 9. HP: 63/72 MP: 14/14
  7082 | D:7      | Killed from afar by an orc priest

Skill      XL: |  1  2  3  4  5  6  7  8 |
---------------+-------------------------+-----
Invocations    | 1 2 3 4 |  4.2
Short Blades   | 1 2 3 |  3.8
Axes           | 1 2 3 |  3.8
Maces & Flails | 1 2 3 |  3.8
Polearms       | 1 2 3 |  3.8
Staves         | 1 2 3 |  3.8
Slings         | 1 2 3 |  3.8
Bows           | 1 2 3 |  3.8
Crossbows      | 1 2 3 |  3.8
Throwing       | 1 2 3 |  3.8
Dodging        | 1 2 3 |  3.8
Stealth        | 1 2 3 |  3.8
Unarmed Combat | 1 2 3 |  3.8
Spellcasting   | 1 2 3 |  3.8
Evocations     | 1 2 3 |  3.8
Conjurations   | 1 2 3 |  3.1
Hexes          | 1 2 3 |  3.1
Charms         | 1 2 3 |  3.1
Summonings     | 1 2 3 |  3.1
Necromancy     | 1 2 3 |  3.1
Translocations | 1 2 3 |  3.1
Transmutations | 1 2 3 |  3.1
Fire Magic     | 1 2 3 |  3.1
Ice Magic      | 1 2 3 |  3.1
Air Magic      | 1 2 3 |  3.1
Earth Magic    | 1 2 3 |  3.1
Poison Magic   | 1 2 3 |  3.1
Long Blades    | 5 6 |  6.0
Fighting       | 7 |  7.7
Armour         | 7 |  7.7
Shields        | 7 |  7.7

Action                   |  1- 3 |  4- 6 |  7- 9 || total
-------------------------+-------+-------+-------++-------
Melee: Long sword        |    68 |   192 |       ||   260
       Bite              |     9 |    32 |    44 ||    85
       Flail             |       |    92 |    74 ||   166
       Spear             |       |       |   266 ||   266
  Use: Potion            |       |     4 |     3 ||     7
       Scroll            |       |     1 |       ||     1
 Stab: Sleeping          |       |       |     3 ||     3
  Eat: Chunk             |       |     2 |     1 ||     3
       Ration            |       |     2 |     3 ||     5
Armor: Scale mail        |    27 |   112 |    81 ||   220
Dodge: Dodged            |    23 |   137 |    98 ||   258
Block: Shield            |    49 |   224 |   213 ||   486
       Rpst.: Long sword |     8 |    24 |       ||    32
